 Dungeon Crawl Stone Soup version 0.29-a0-789-g7a8fcbc185 (webtiles) character file.

Game seed: 17222934124283195356

7898 dracfodder the Geomancer (level 11, -5/61 HPs)
             Began as a Gargoyle Earth Elementalist on July 2, 2022.
             Was a Believer of Sif Muna.
             Slain by a human
             ... wielding a +2 vorpal hand axe
              (7 damage)
             ... in a bailey.
             The game lasted 01:00:43 (7585 turns).

dracfodder the Geomancer (GrEE)                     Turns: 7585, Time: 01:00:46

Health: -5/61      AC: 21    Str: 12    XL:     11   Next: 22%
Magic:  20/23      EV: 11    Int: 26    God:    Sif Muna [**....]
Gold:   638        SH:  0    Dex: 16    Spells: 13/27 levels left

rFire   + . .      SeeInvis .   a - +0 longbow
rCold   . . .      Faith    .   (shield currently unavailable)
rNeg    + . .      Spirit   .   q - +5 ring mail of the Known World {rF+ Regen+}
rPois   ∞          Reflect  .   (no helmet)
rElec   +          Harm     .   y - +1 cloak
rCorr   .          Rampage  .   (no gloves)
Will    .....                   (no boots)
Stlth   ++........              l - amulet of magic regeneration
HPRegen 1.00/turn               m - +6 ring of dexterity
MPRegen 0.58/turn               n - +6 ring of intelligence

@: no status effects
A: sickness immunity, AC +8, negative energy resistance 1, electricity
resistance, torment resistance 1, petrification resistance
a: Renounce Religion, Channel Magic


You were in a bailey.
You worshipped Sif Muna.
Sif Muna was pleased with you.
You visited 1 branch of the dungeon, and saw 9 of its levels.
You also visited: Ossuary and Bailey.

You collected 638 gold pieces.

Inventory:

Hand Weapons
 a - a +0 longbow (weapon)
 b - a +0 vorpal lajatang
 f - a +2 hammer of pain
 g - a +2 mace of protection
 s - a +4 quarterstaff of chaos
Armour
 q - the +5 ring mail of the Known World (worn) {rF+ Regen+}
   (You found it on level 5 of the Dungeon)

   rF:        It protects you from fire.
   Regen:     It increases your rate of health regeneration.
 y - a +1 cloak (worn)
Jewellery
 j - a ring of fire
 l - an amulet of magic regeneration (around neck)
 m - a +6 ring of dexterity (left hand)
 n - a +6 ring of intelligence (right hand)
 D - a ring of magical power
Wands
 p - a wand of quicksilver (24)
 t - a wand of roots (28)
 v - a wand of digging (5)
Scrolls
 i - 3 scrolls of identify
 r - a scroll of summoning
 x - 2 scrolls of fog
 C - a scroll of poison
Potions
 c - 2 potions of resistance
 d - 7 potions of curing
 e - 2 potions of haste
 h - 3 potions of flight
 k - 3 potions of heal wounds
 o - a potion of invisibility
 u - 3 potions of magic
 w - a potion of brilliance
 z - a potion of might {unknown}
 A - a potion of ambrosia {unknown}


   Skills:
 + Level 4.0 Fighting
 + Level 0.6(0.7) Maces & Flails
 + Level 0.2(0.5) Staves
 + Level 5.9 Ranged Weapons
 + Level 5.5 Armour
 + Level 3.0 Dodging
 + Level 3.8 Stealth
 + Level 8.7 Spellcasting
 + Level 6.0 Conjurations
 + Level 0.8 Transmutations
 + Level 11.1 Earth Magic
 + Level 0.2 Evocations


You had 13 spell levels left.
You knew the following spells:

 Your Spells              Type           Power      Damage    Failure   Level
a - Sandblast             Erth           100%       2d20      1%          1
b - Passwall              Tmut/Erth      35%        N/A       1%          2
c - Stone Arrow           Conj/Erth      100%       3d13      1%          3
d - Magic Dart            Conj           100%       1d8       1%          1
e - Petrify               Tmut/Erth      42%        N/A       10%         4
f - Mephitic Cloud        Conj/Pois/Air  21%        N/A       14%         3

Your spell library contained the following spells:

 Spells                   Type           Power      Damage    Failure   Level
 Slow                     Hex            44%        N/A       11%         1
 Call Imp                 Summ           11%        N/A       16%         2
 Ozocubu's Armour         Ice            11%        N/A       32%         3
 Portal Projectile        Hex/Tloc       22%        N/A       32%         3
 Tukima's Dance           Hex            11%        N/A       32%         3
 Cause Fear               Hex            5%         N/A       71%         4
 Freezing Cloud           Conj/Ice/Air   10%        6-21      78%         5
 Silence                  Hex/Air        5%         N/A       96%         5
 Ozocubu's Refrigeration  Ice            5%         4d6       100%        7


Dungeon Overview and Level Annotations

Branches:
Dungeon (9/15)             Temple (0/1) D:5         Ossuary (visited)
 Bailey (1/1)
   Lair: D:8-11         Orc: D:9-12

Altars:
Cheibriados
Dithmenos
Elyvilon
Gozag
Hepliaklqana
Nemelex Xobeh
Okawaru
Sif Muna
Trog
Wu Jian

Shops:
D:6 !   D:8 *

Annotations:
D:8 2 transporters, Dordric's ghost, novice BaSu Bailey Prince Ribbit


Innate Abilities, Weirdness & Mutations

You are immune to sickness and miasma.
Your stone body is resilient. (AC +8)
You are immune to poison.
You resist negative energy. (rN+)
You are resistant to electric shocks. (rElec)
You are resistant to unholy torment.
You are immune to petrification.


Message History

The blast of sand misses the vault guard.
Prince Ribbit hits the vault guard!
The bullfrog barely misses the vault guard.
Something hits you. Something hits you but does no damage.
Your magical contamination has completely faded away.
You see here a bullfrog corpse.
Aiming: Sandblast (safe; 1% risk of failure)
Press: ? - help, Q - select action, (/) - cycle Shift-Dir - straight line, f/p - vault guard
Aim: a vault guard, wielding a +0 broad axe and wearing a +0 chain mail (lightly wounded, 82% to hit)
The blast of sand hits something but does no damage.
Prince Ribbit hits the vault guard but does no damage.
Aiming: Sandblast (safe; 1% risk of failure)
Press: ? - help, Q - select action, (/) - cycle Shift-Dir - straight line, f/p - vault guard
Aim: a vault guard, wielding a +0 broad axe and wearing a +0 chain mail (lightly wounded, 82% to hit)
The blast of sand hits the vault guard!!
The vault guard is heavily wounded.
Prince Ribbit seems less confused.
The vault guard hits you with a +0 broad axe!
Something hits you but does no damage.
Aiming: Sandblast (safe; 1% risk of failure)
Press: ? - help, Q - select action, (/) - cycle Shift-Dir - straight line, f/p - vault guard
Aim: a vault guard, wielding a +0 broad axe and wearing a +0 chain mail (heavily wounded, 82% to hit)
The blast of sand hits the vault guard but does no damage.
The vault guard is heavily wounded.
The vault guard hits you but does no damage.
Something hits you.
The vault guard hits you but does no damage.
Something hits you but does no damage.
Aiming: Sandblast (safe; 1% risk of failure)
Press: ? - help, Q - select action, (/) - cycle Shift-Dir - straight line, f/p - vault guard
Aim: a vault guard, wielding a +0 broad axe and wearing a +0 chain mail (moderately wounded, 82% to hit)
The blast of sand hits the vault guard but does no damage.
The vault guard is moderately wounded.
The vault guard hits you with a +0 broad axe!
Something hits you!
* * * LOW HITPOINT WARNING * * *
x2 The vault guard hits you with a +0 broad axe!
* * * LOW HITPOINT WARNING * * *
Something hits you!
You die...

#..∩..†≈≈≈##....###
#....†######..###
#..∩..)†)..#)## ≈
##...##).....# ≈≈
#####.......# ≈≈≈
#...#######≈≈..
#..##..#≈≈≈≈...
#...#..#.......
#...#.@'FF≈≈≈≈≈
##....p#≈≈≈≈≈≈≈
##....#≈≈####≈
#########


You could see a vault guard, Prince Ribbit and a bullfrog (confused).

Vanquished Creatures
  A hydra (D:7)
  A two-headed ogre (D:9)
  The ghost of zhov the Skirmisher, a novice FoHu (D:5)
  A hornet (D:8)
  Sigmund (D:3)
  A vampire (D:9)
  A shadow (D:9)
  6 humans (Bailey)
  5 yaks (D:9)
  3 steam dragons (D:8)
  A water moccasin (D:7)
  2 black bears
  An orc warrior (D:7)
  2 ice beasts
  2 sky beasts
  3 ogres
  2 phantoms
  A kobold brigand (D:8)
  16 bullfrogs
  A gnoll sergeant (D:8)
  A necrophage (D:5)
  A scorpion (D:9)
  9 killer bees
  A howler monkey (D:9)
  3 centaur zombies (Ossuary)
  A hound (D:6)
  A jelly (D:8)
  2 human zombies (Ossuary)
  An orc priest (D:3)
  Crazy Yiuf (D:7)
  7 orc wizards
  2 mummies (Ossuary)
  4 gnolls (D:8)
  6 adders
  2 shadow imps (D:7)
  2 white imps
  An ufetubus (D:5)
  3 worms
  4 dart slugs
  16 orcs
  6 ball pythons
  9 bats
  7 endoplasms
  3 giant cockroaches
  11 goblins
  11 hobgoblins
  10 jackals
  4 quokkas
  4 frilled lizards
  A gnoll zombie (Ossuary)
  2 goblin zombies (Ossuary)
  3 hobgoblin zombies (Ossuary)
  15 kobolds
  3 orc zombies (Ossuary)
  A rat (D:2)
210 creatures vanquished.

Vanquished Creatures (collateral kills)
  A necrophage (D:6)
  A scorpion (D:6)
2 creatures vanquished.

Vanquished Creatures (others)
  8 fungi
  5 plants (D:9)
13 creatures vanquished.

Grand Total: 225 creatures vanquished

Notes
Turn   | Place    | Note
-------+----------+-------------------------------------------
     0 | D:1      | dracfodder the Gargoyle Earth Elementalist began the quest
                  | for the Orb.
     0 | D:1      | Reached XP level 1. HP: 10/10 MP: 3/3
    38 | D:1      | Reached XP level 2. HP: 1/15 MP: 0/5
   366 | D:1      | Found a faded altar of an unknown god.
   441 | D:1      | Reached skill level 4 in Earth Magic
   612 | D:1      | Learned a level 2 spell: Passwall
   722 | D:1      | Reached XP level 3. HP: 19/19 MP: 4/7
  1443 | D:2      | Got the Incunabulum of Enthralling Ice
  1610 | D:2      | Reached XP level 4. HP: 24/24 MP: 8/8
  1635 | D:2      | Learned a level 3 spell: Stone Arrow
  1717 | D:2      | Learned a level 1 spell: Magic Dart
  2287 | D:3      | Reached skill level 5 in Earth Magic
  2287 | D:3      | Reached XP level 5. HP: 7/28 MP: 7/10
  2663 | D:3      | Found an ornate altar of the Wu Jian Council.
  2714 | D:3      | Noticed a phantom
  2720 | D:3      | Killed a phantom
  2721 | D:3      | Reached skill level 6 in Earth Magic
  2721 | D:3      | Reached XP level 6. HP: 30/32 MP: 7/11
  2754 | D:3      | Found a shadowy altar of Dithmenos.
  2875 | D:3      | Noticed Sigmund
  2917 | D:3      | Killed Sigmund
  2918 | D:3      | Reached skill level 1 in Conjurations
  3340 | D:4      | Found a hazy altar of Hepliaklqana.
  3711 | D:4      | Found an iron altar of Okawaru.
  4105 | D:5      | Entered Level 5 of the Dungeon
  4130 | D:5      | Found a sand-covered staircase.
  4145 | Ossuary  | Entered an ossuary
  4188 | Ossuary  | Reached XP level 7. HP: 36/36 MP: 13/13
  4220 | Ossuary  | Reached skill level 5 in Spellcasting
  4511 | D:5      | Got Sif Muna's Guide on Entrancing Earth
  4517 | D:5      | Learned a level 4 spell: Petrify
  4521 | D:5      | Learned a level 3 spell: Mephitic Cloud
  4592 | D:5      | Reached skill level 7 in Earth Magic
  4709 | D:5      | Noticed zhov's ghost (novice FoHu)
  4710 | D:5      | Found a runed translucent door.
  4728 | D:5      | Found a staircase to the Ecumenical Temple.
  4775 | D:5      | Reached XP level 8. HP: 39/42 MP: 16/16
  4926 | D:5      | Found a white marble altar of Elyvilon.
  5010 | D:5      | Identified the +5 ring mail of the Known World {rF+ Regen+}
  5187 | D:5      | Killed zhov's ghost
  5188 | D:5      | Reached skill level 1 in Ranged Weapons
  5188 | D:5      | Reached skill level 8 in Earth Magic
  5283 | D:6      | Identified the +0 scale mail of Lugonu's Felicitations
                  | {Rampage Dex+2}
  5305 | D:6      | Found Peapru Bury's Distillery.
  5430 | D:6      | Reached skill level 1 in Fighting
  5430 | D:6      | Reached XP level 9. HP: 47/47 MP: 10/19
  5618 | D:6      | Reached skill level 1 in Armour
  5698 | D:7      | Reached skill level 9 in Earth Magic
  5866 | D:7      | Noticed a seven-headed hydra
  5870 | D:7      | Killed a seven-headed hydra
  6357 | D:7      | Found a runed translucent door.
  6358 | D:7      | Noticed Crazy Yiuf
  6362 | D:7      | Killed Crazy Yiuf
  6457 | D:8      | Found a shimmering blue altar of Sif Muna.
  6459 | D:8      | Noticed a manticore
  6462 | D:8      | Noticed Dordric's ghost (novice BaSu)
  6469 | D:8      | Became a worshipper of Sif Muna the Loreminder
  6476 | D:8      | Identified the ring "Guutos" {Fire rPois SInv}
  6484 | D:8      | Noticed a two-headed ogre
  6503 | D:8      | Reached XP level 10. HP: 53/53 MP: 12/21
  6544 | D:8      | Found a transporter.
  6569 | D:8      | Found a transporter.
  6649 | D:8      | Found a snail-covered altar of Cheibriados.
  6781 | D:8      | Reached skill level 10 in Earth Magic
  6801 | D:8      | Found Momunlyvi's Lightly-Used Armoury.
  6834 | D:8      | Reached skill level 5 in Ranged Weapons
  6854 | D:8      | Found an opulent altar of Gozag.
  6855 | D:8      | Found a sparkling altar of Nemelex Xobeh.
  7182 | D:9      | Reached * piety under Sif Muna
  7231 | D:9      | Found a bloodstained altar of Trog.
  7294 | D:9      | Identified the +0 leather armour of the Hanged Man {rPois
                  | Int-5 Slay+2}
  7310 | D:9      | Noticed a two-headed ogre
  7314 | D:9      | Killed a two-headed ogre
  7315 | D:9      | Reached skill level 5 in Conjurations
  7402 | D:9      | Reached skill level 5 in Armour
  7416 | D:9      | Found a flagged portal.
  7422 | Bailey   | Entered a bailey
  7434 | Bailey   | Reached XP level 11. HP: 46/60 MP: 23/23
  7512 | Bailey   | Reached skill level 11 in Earth Magic
  7568 | Bailey   | Reached ** piety under Sif Muna
  7574 | Bailey   | Noticed Prince Ribbit
  7577 | Bailey   | Noticed a vault guard
  7585 | Bailey   | HP: 2/61 [vault guard/+0 broad axe (8)]
  7585 | Bailey   | Slain by a human

Illustrated notes

Levels and vault maps discovered:
D:1:      wander_arrival_abandoned_jail, layout_loops_ring,
          chequers_ecumenical_altar_simple_redux,
          nicolae_concentric_dashed_squares_wild
D:2:      layout_loops_ring
D:3:      layout_rooms, grunt_dithmenos_smoke_and_mirrors,
          nicolae_wu_jian_wuxing_cycle, hangedman_decor_opposing, uniq_sigmund
D:4:      nicolae_cairo_tiling, layout_cave_pods, mainiacjoe_overflow_paths,
          kennysheep_mini
D:5:      layout_loops_cross, elyvilon_altar_3, minmay_temple_entry_slanted,
          enter_ossuary_3, hellmonk_ghost_happy_afterlife,
          minmay_misc_feat_enclosed, kennysheep_path_1, grunt_decor_junction
D:6:      layout_rooms, serial_shops, nicolae_take_the_stairs
D:7:      layout_rooms, uniq_crazy_yiuf_cottage
D:8:      layout_basic, cheibrodos_worm_habitat, grunt_temple_overflow_opulence,
          overflow_temple_1_default, nzn_ghost_randoct, minmay_shop_damaged
D:9:      layout_basic, dancing_weapons_uskayaw, bloody_trog,
          grunt_lair_entry_orc_guard_hut, enter_bailey_3
Bailey:   bailey_axe_froggy_fort_hellmonk, bailey

Skill      XL: |  1  2  3  4  5  6  7  8  9 10 11 |
---------------+----------------------------------+-----
Earth Magic    | 4 5 6 7 8 9 10 11 | 11.1
Spellcasting   | 3 4 5 7 8 |  8.7
Conjurations   | 1 2 4 6 |  6.0
Stealth        | 3 |  3.8
Ranged Weapons | 2 4 5 |  5.9
Dodging        | 2 3 |  3.0
Fighting       | 1 3 4 |  4.0
Armour         | 3 5 |  5.5
Maces & Flails | |  0.6
Staves         | |  0.2
Transmutations | |  0.8
Evocations     | |  0.2

Action                   |  1- 3 |  4- 6 |  7- 9 | 10-12 || total
-------------------------+-------+-------+-------+-------++-------
Melee: Whip              |    23 |       |       |       ||    23
       Lajatang          |       |       |    30 |     5 ||    35
       Mace              |       |       |    15 |       ||    15
 Fire: Longbow           |       |       |    46 |    76 ||   122
Throw: Stone             |     8 |     3 |       |       ||    11
 Cast: Sandblast         |    59 |    55 |    39 |    76 ||   229
       Magic Dart        |       |    29 |    35 |       ||    64
       Stone Arrow       |       |    15 |    45 |    39 ||    99
       Passwall          |       |     3 |       |       ||     3
       Mephitic Cloud    |       |       |       |     3 ||     3
Evoke: Wand              |       |       |     1 |     3 ||     4
  Use: Scroll            |     5 |     8 |     8 |     3 ||    24
       Potion            |       |       |     3 |     1 ||     4
Armor: Robe              |    21 |     9 |     3 |       ||    33
       Ring mail         |       |       |    90 |   166 ||   256
Dodge: Dodged            |    32 |    15 |    47 |   144 ||   238

Table legend: (Time is in decaauts)
 A = Elapsed time spent in this place.
 B = Non-inter-level travel time spent in this place.
 C = Inter-level travel time spent in this place.
 D = Time resting spent in this place.
 E = Time spent auto-exploring this place.
 F = Levels seen in this place.
 G = Mean time per level.
                   A        B        C        D        E       F      G
               +--------+--------+--------+--------+--------+-----+--------+
         Total |   7930 |   7701 |    229 |   1262 |   4261 |  11 |  720.9 |
       Dungeon |   7345 |   7116 |    229 |   1099 |   4189 |   9 |  816.1 |
       Ossuary |    366 |    366 |      0 |    163 |     56 |   1 |  366.0 |
        Bailey |    218 |    218 |      0 |      0 |     16 |   1 |  218.0 |
               +--------+--------+--------+--------+--------+-----+--------+

Top non-repeatable levels by time:
     D:1: 1461 daAuts
     D:3: 1075 daAuts
     D:4: 858 daAuts
     D:2: 822 daAuts
     D:7: 792 daAuts
     D:5: 792 daAuts
     D:8: 746 daAuts
     D:6: 476 daAuts
 Ossuary: 366 daAuts
     D:9: 320 daAuts
  Bailey: 218 daAuts
